cohdb
Replays
Latest Replays
All Replays
Popular Replays
Top Player Replays
Match Explorer
How It Works
Community
CoH3 Stats
Reddit
Sign in to upload your games and track your stats! →
Sign in with Steam
Match 44685832
Unlisted
Match 44685832
Overview
Messages
Build Orders
End
Construct Section Command Post
Dingo Light Scout Car
Dingo Light Scout Car
Dingo Light Scout Car
Dingo Light Scout Car
Construct Platoon Command Post
Selects Canadian Shock Battlegroup
Selects Attacking Spirit
Selects Canadian Shock Section
Canadian Shock Section
Selects Incendiary Munitions
Construct Company Command Post
Foot Guards Section
Foot Guards Section
Infantry Training
Selects Pyrotechnics
Foot Guards Section
Foot Guards Section
Selects Smoke Operation
Unlock M3 Grant Medium Tanks
M3 Grant Medium Tank
Royal Engineer Section
M3 Grant Medium Tank
Invincible_Reason
Seniors_Zertul
Shaka
萌萌家的宫先生
Charlie
Torus
Team saupiquet
Marwar
0
0
Comments
sign in to comment!
No comments posted yet!